[Event "Titled Tuesday Blitz June 13 Early 2023"]
[White "SicilianPanzer"]
[Black "Mrudul Dehankar"]
[BlackFideId "25096990"]
[WhiteElo "2257"]
[BlackElo "2139"]
[Result "0-1"]
[Round "3"]
[TimeControl "180+2"]
[Date "2023.06.13"]
[WhiteClock "0:00:00"]
[BlackClock "0:00:03"]
[Board "205"]

1. d4 Nf6 2. c4 e6 3. Nc3 Bb4 4. Qc2 O-O 5. a3 Bxc3+ 6. Qxc3 b6 7. Bg5 Bb7 8. e3 d6 9. f3 h6 10. Bh4 Nbd7 11. Bd3 c5 12. Ne2 Rc8 13. b4 d5 14. dxc5 bxc5 15. b5 dxc4 16. Bxc4 g5 17. Bg3 Nd5 18. Qb3 N7b6 19. Bf2 Nxc4 20. Qxc4 Qa5+ 21. Kf1 Nb6 22. Qg4 Qxb5 23. h4 Ba6 24. Re1 Nc4 25. hxg5 Ne5 26. Qe4 Ng6 27. gxh6 Kh7 28. f4 Bb7 29. Qc2 Qc6 0-1


[Site "https://www.chess.com"]

[Event "Titled Tuesday Blitz June 13 Early 2023"]
[White "Chandreyee, Hajra"]
[Black "Fudalej, Michal"]
[WhiteFideId "5056535"]
[BlackFideId "1118781"]
[WhiteElo "1725"]
[BlackElo "2088"]
[Result "1-0"]
[Round "3"]
[TimeControl "180+2"]
[Date "2023.06.13"]
[WhiteClock "0:01:23"]
[BlackClock "0:00:00"]
[Board "206"]

1. e4 c6 2. d4 d5 3. exd5 cxd5 4. c4 Nf6 5. Nc3 Nc6 6. Nf3 Bg4 7. cxd5 Nxd5 8. Qb3 Bxf3 9. gxf3 e6 10. Qxb7 Nxd4 11. Bb5+ Nxb5 12. Qc6+ Ke7 13. Qc5+ Nd6 14. Nxd5+ exd5 15. O-O Qd7 16. Qxd5 Rc8 17. Bd2 Kd8 18. Ba5+ Ke8 19. Rad1 Be7 20. Rfe1 Rc6 21. Bb4 Kf8 22. Re3 h5 23. Rde1 Bd8 24. Bxd6+ Kg8 25. Re8+ 1-0


[Site "https://www.chess.com"]

[Event "Titled Tuesday Blitz June 13 Early 2023"]
[White "LeoLV10"]
[Black "Winslow, Elliott"]
[BlackFideId "2002523"]
[WhiteElo "2417"]
[BlackElo "2045"]
[Result "1-0"]
[Round "3"]
[TimeControl "180+2"]
[Date "2023.06.13"]
[WhiteClock "0:00:38"]
[BlackClock "0:01:06"]
[Board "207"]

1. e4 c5 2. Nf3 d6 3. d4 cxd4 4. Nxd4 Nf6 5. Nc3 a6 6. Bg5 e6 7. f4 Be7 8. Qf3 Qc7 9. O-O-O h6 10. Bh4 Nbd7 11. Bd3 g5 12. fxg5 Ne5 13. Qe2 Nfg4 14. h3 hxg5 15. Bg3 Nf6 16. Bxe5 dxe5 17. Nf3 Nh5 18. Qd2 Nf4 19. g3 Nxd3+ 20. Qxd3 Bd7 21. Kb1 O-O-O 22. Qe3 f6 23. Nd2 Kb8 24. Nb3 Rc8 25. Rh2 Bc6 26. h4 gxh4 27. gxh4 f5 28. h5 f4 29. Qf3 Rcg8 30. Qh3 Rh6 31. Rf2 Rg3 32. Qh2 Rxh5 33. Qxh5 Bb4 34. Rf3 Rxf3 35. Qxf3 Bxc3 36. Qxc3 Bxe4 37. Qxc7+ 1-0


[Site "https://www.chess.com"]

[Event "Titled Tuesday Blitz June 13 Early 2023"]
[White "Chakravarthi Reddy, M"]
[Black "Topalov, Aleksandar"]
[WhiteFideId "25009532"]
[BlackFideId "925659"]
[WhiteElo "2201"]
[BlackElo "2151"]
[Result "0-1"]
[Round "3"]
[TimeControl "180+2"]
[Date "2023.06.13"]
[WhiteClock "0:00:03"]
[BlackClock "0:00:12"]
[Board "208"]

1. e4 e6 2. d4 d5 3. e5 Ne7 4. Bd3 Qd7 5. h4 h5 6. Nf3 b6 7. Ng5 Ba6 8. Qf3 Nec6 9. c3 Bxd3 10. Qxd3 Ne7 11. Nd2 Nf5 12. Ndf3 c5 13. O-O Nc6 14. Be3 Be7 15. Rfe1 g6 16. dxc5 bxc5 17. Rad1 c4 18. Qc2 Rb8 19. b3 cxb3 20. axb3 Qb7 21. b4 O-O 22. Nh3 a5 23. bxa5 Nxa5 24. Rb1 Qc7 25. g3 Nc4 26. Bg5 Na3 27. Qa2 Nxb1 28. Rxb1 Rxb1+ 29. Qxb1 Bxg5 30. Nhxg5 Qxc3 31. Qb7 Qc8 32. Qb4 Qc7 33. g4 hxg4 34. Qxg4 Ng7 35. Nh3 Qc1+ 36. Kg2 Nh5 37. Nd4 Qc7 38. Nf3 Qc4 39. Qg5 Qe4 40. Qh6 Qg4+ 41. Kh2 Qxf3 42. Ng5 Qxf2+ 43. Kh1 Ng3# 0-1


[Site "https://www.chess.com"]

[Event "Titled Tuesday Blitz June 13 Early 2023"]
[White "Smiechu"]
[Black "Leschinsky, Gary"]
[BlackFideId "30951321"]
[WhiteElo "2406"]
[BlackElo "2020"]
[Result "1-0"]
[Round "3"]
[TimeControl "180+2"]
[Date "2023.06.13"]
[WhiteClock "0:01:38"]
[BlackClock "0:00:05"]
[Board "209"]

1. e4 c5 2. Nf3 e6 3. d4 cxd4 4. Nxd4 Nc6 5. Nc3 Qc7 6. Be3 Nf6 7. Bd3 a6 8. O-O h5 9. h3 Bd6 10. f4 Nxd4 11. e5 Bc5 12. exf6 gxf6 13. Ne4 Nb3 14. Bxc5 Nxc5 15. Nxf6+ Ke7 16. Ne4 f5 17. Nc3 b5 18. Qe1 Nxd3 19. cxd3 Bb7 20. Qh4+ Kf7 21. Ne4 fxe4 22. f5 Qc5+ 23. Kh1 exf5 24. Qg5 Ke6 25. Qg6+ Ke7 26. Rxf5 Bd5 27. dxe4 Qc2 28. exd5 Rag8 29. Rf7+ Kd8 30. Qxc2 1-0


[Site "https://www.chess.com"]

[Event "Titled Tuesday Blitz June 13 Early 2023"]
[White "Kiseleva, Arina"]
[Black "Gomez Barrera, Javiera Belen"]
[WhiteFideId "4164989"]
[BlackFideId "3418723"]
[WhiteElo "1701"]
[BlackElo "2119"]
[Result "0-1"]
[Round "3"]
[TimeControl "180+2"]
[Date "2023.06.13"]
[WhiteClock "0:00:00"]
[BlackClock "0:00:04"]
[Board "210"]

1. d4 d5 2. Nf3 Nf6 3. c4 e6 4. e3 Be7 5. Nbd2 O-O 6. Bd3 a6 7. O-O dxc4 8. Nxc4 b5 9. Nce5 Bb7 10. b3 Nbd7 11. Bb2 c5 12. Nxd7 Qxd7 13. dxc5 Rad8 14. Be2 Qxd1 15. Rfxd1 Bxc5 16. Rac1 Bb6 17. h3 Ne4 18. Nd4 h6 19. Nc6 Rxd1+ 20. Bxd1 Kh8 21. Bd4 Bxd4 22. Nxd4 Rc8 23. Rxc8+ Bxc8 24. Kf1 Nc3 25. Bh5 g6 26. Bf3 e5 27. Nc6 e4 28. Be2 Nxa2 29. Ke1 Nc3 30. Bf1 Be6 31. b4 Bd5 32. Nb8 Bb7 33. Nd7 Na2 34. Nc5 Bc8 35. Nxe4 Nxb4 36. Kd2 Nd5 37. Nc5 Kg7 38. e4 Nc7 39. Kc3 Ne6 40. Nd3 a5 41. Nb2 b4+ 42. Kb3 Bd7 43. g3 Nd4+ 44. Kc4 Nf3 45. Kc5 b3 46. Bc4 Nd2 47. Bd5 a4 48. Kd6 a3 49. Kxd7 axb2 0-1


[Site "https://www.chess.com"]

[Event "Titled Tuesday Blitz June 13 Early 2023"]
[White "Mishra, Manoj"]
[Black "DanyKopy"]
[WhiteFideId "5006007"]
[WhiteElo "1847"]
[BlackElo "2405"]
[Result "0-1"]
[Round "3"]
[TimeControl "180+2"]
[Date "2023.06.13"]
[WhiteClock "0:00:09"]
[BlackClock "0:01:25"]
[Board "211"]

1. d4 Nf6 2. Bf4 d5 3. e3 c5 4. c3 e6 5. Bd3 Bd6 6. Nf3 Nc6 7. Ne5 Qc7 8. Nxc6 bxc6 9. Bg3 cxd4 10. exd4 O-O 11. Bh4 e5 12. dxe5 Bxe5 13. Nd2 Re8 14. Kf1 Bg4 15. f3 Bh5 16. Qc2 Bg6 17. Bxf6 Bxf6 18. Bxg6 hxg6 19. Nb3 Re7 20. Nc5 Rae8 21. Nd3 c5 22. Re1 c4 23. Rxe7 Qxe7 0-1


[Site "https://www.chess.com"]

[Event "Titled Tuesday Blitz June 13 Early 2023"]
[White "Mirzanurov, Bulat"]
[Black "Miller, Luke C"]
[WhiteFideId "4184521"]
[BlackFideId "2096935"]
[WhiteElo "2005"]
[BlackElo "1836"]
[Result "0-1"]
[Round "3"]
[TimeControl "180+2"]
[Date "2023.06.13"]
[WhiteClock "0:00:10"]
[BlackClock "0:00:21"]
[Board "212"]

1. e4 c5 2. Nf3 d6 3. d4 cxd4 4. Nxd4 Nf6 5. Nc3 g6 6. f3 Bg7 7. Be3 O-O 8. Qd2 Nc6 9. O-O-O d5 10. Nxc6 bxc6 11. exd5 Nxd5 12. Bd4 e5 13. Bc5 Be6 14. Be2 Rb8 15. Ne4 Re8 16. Kb1 f5 17. Nc3 e4 18. Bd4 e3 19. Qe1 Qa5 20. Nxd5 Qxd5 21. c4 Qxd4 22. Rxd4 Bxd4 23. b3 c5 24. Qa5 f4 25. Qxa7 Bf5+ 26. Kc1 Ra8 27. Qc7 Rxa2 28. Bd1 Ra1# 0-1


[Site "https://www.chess.com"]

[Event "Titled Tuesday Blitz June 13 Early 2023"]
[White "Buchenau, Frank"]
[Black "De Souza, Cristiano Gomes"]
[WhiteFideId "4604350"]
[BlackFideId "2151758"]
[WhiteElo "2157"]
[BlackElo "2068"]
[Result "1-0"]
[Round "3"]
[TimeControl "180+2"]
[Date "2023.06.13"]
[WhiteClock "0:01:11"]
[BlackClock "0:00:47"]
[Board "213"]

1. e4 c5 2. Nf3 d6 3. Bb5+ Bd7 4. Bxd7+ Qxd7 5. c4 Nc6 6. O-O g6 7. d4 cxd4 8. Nxd4 Bg7 9. Be3 Nf6 10. Nc3 O-O 11. f3 Rfc8 12. b3 b6 13. Qd2 Ne8 14. Rad1 Nc7 15. Nde2 Ne6 16. f4 Nc5 17. e5 Rd8 18. exd6 exd6 19. f5 Be5 20. Nd5 Ne7 21. Bg5 Nxd5 22. Bxd8 Nc7 23. Bg5 Re8 24. Bf4 Qc6 25. Nc3 Ne4 26. Nxe4 Qxe4 27. Bxe5 dxe5 28. Qd7 Qe3+ 29. Kh1 Qc5 30. fxg6 fxg6 31. Qf7+ Kh8 32. Rd7 1-0


[Site "https://www.chess.com"]

[Event "Titled Tuesday Blitz June 13 Early 2023"]
[White "Luxama, Jacques Muller"]
[Black "Garcia Cuenca, Victor"]
[WhiteFideId "11900113"]
[BlackFideId "2250829"]
[WhiteElo "1931"]
[BlackElo "2329"]
[Result "0-1"]
[Round "3"]
[TimeControl "180+2"]
[Date "2023.06.13"]
[WhiteClock "0:00:00"]
[BlackClock "0:00:10"]
[Board "214"]

1. d4 Nf6 2. c4 e6 3. Nf3 Bb4+ 4. Bd2 Be7 5. g3 d5 6. Bg2 O-O 7. O-O c6 8. Qc2 Nbd7 9. Bf4 Ne4 10. Nbd2 f5 11. Ne5 g5 12. Nxd7 Bxd7 13. Be5 Nd6 14. Rad1 Nf7 15. f4 Nxe5 16. dxe5 Qe8 17. Kh1 g4 18. a3 h5 19. Rfe1 h4 20. b4 a5 21. Qc3 axb4 22. axb4 Qh5 23. Kg1 Kf7 24. e4 hxg3 25. hxg3 fxe4 26. Nxe4 Ra2 27. Rd2 Rxd2 28. Qxd2 Ra8 29. Nc5 Be8 30. cxd5 cxd5 31. Bxd5 Bxc5+ 32. bxc5 exd5 33. Qxd5+ Kf8 34. Qd6+ Kg8 35. Qf6 Bc6 36. Qe6+ Kh7 37. Qe7+ Kg8 38. Qe6+ Kf8 39. Qf6+ Qf7 40. Qh8+ Qg8 0-1


[Site "https://www.chess.com"]

[Event "Titled Tuesday Blitz June 13 Early 2023"]
[White "Mazurkiewicz, Michal"]
[Black "Palacio,Igor Da Paz"]
[WhiteFideId "1124943"]
[BlackFideId "2121140"]
[WhiteElo "2063"]
[BlackElo "2126"]
[Result "1-0"]
[Round "3"]
[TimeControl "180+2"]
[Date "2023.06.13"]
[WhiteClock "0:00:19"]
[BlackClock "0:00:01"]
[Board "215"]

1. e4 e5 2. Nf3 Nc6 3. Bb5 a6 4. Bxc6 dxc6 5. O-O f6 6. d4 exd4 7. Nxd4 c5 8. Nb3 Qxd1 9. Rxd1 Bd7 10. Nc3 O-O-O 11. Bf4 Ne7 12. Nxc5 Ng6 13. Rxd7 Rxd7 14. Nxd7 Nxf4 15. Nxf8 Rxf8 16. g3 Ne6 17. Rd1 Re8 18. f3 c6 19. Kf2 Kc7 20. f4 b5 21. Kf3 Nc5 22. b4 Nd7 23. Ne2 Nb6 24. Nd4 g6 25. Nb3 Na4 26. Rd3 Re7 27. Nc5 Nxc5 28. bxc5 Re6 29. g4 a5 30. c4 b4 31. a3 Re8 32. axb4 axb4 33. Rb3 Ra8 34. Rxb4 Ra3+ 35. Kf2 Rh3 36. Ra4 Kb7 37. Ra1 Rxh2+ 38. Ke3 Rc2 39. Rh1 Rxc4 40. Rxh7+ Ka6 41. Rf7 f5 42. gxf5 gxf5 43. Rxf5 Kb5 44. Re5 Rc3+ 45. Kf2 Kc4 46. f5 Kd4 47. Re6 Rxc5 48. f6 Rc2+ 49. Kg3 Ke3 50. e5 Rf2 51. Rxc6 Rf1 52. Rc4 Kd3 53. Rf4 Re1 54. f7 Rxe5 55. f8=Q Rg5+ 56. Kh4 Re5 57. Qd6+ Ke3 58. Qxe5+ 1-0


[Site "https://www.chess.com"]

[Event "Titled Tuesday Blitz June 13 Early 2023"]
[White "Ramirez Vido, Robert Yorisan"]
[Black "Jaivardhan Raj"]
[WhiteFideId "3513823"]
[BlackFideId "25744437"]
[WhiteElo "2399"]
[BlackElo "1772"]
[Result "0-1"]
[Round "3"]
[TimeControl "180+2"]
[Date "2023.06.13"]
[WhiteClock "0:00:13"]
[BlackClock "0:01:16"]
[Board "216"]

1. e4 c5 2. Nf3 e6 3. d3 Nc6 4. g3 g6 5. Bg2 Bg7 6. O-O Nge7 7. c3 e5 8. a4 O-O 9. Na3 d6 10. Nc4 Be6 11. Ng5 Bc8 12. f4 h6 13. Nf3 Be6 14. Be3 exf4 15. gxf4 Kh7 16. Nh4 d5 17. Nd2 d4 18. cxd4 Nxd4 19. f5 gxf5 20. exf5 Nexf5 21. Nxf5 Nxf5 22. Be4 Qf6 23. Bxc5 Rfc8 24. Bb4 Qd4+ 25. Kh1 Qxb4 26. Rxf5 Bxf5 27. Bxf5+ Kg8 28. Bxc8 Rxc8 29. Nc4 Qc5 30. Qg4 Qd5+ 31. Qg2 Qxd3 32. Rg1 Qd4 33. Ne3 Rc5 34. h4 Qxh4+ 35. Qh2 Qe4+ 36. Qg2 Rh5# 0-1


[Site "https://www.chess.com"]

[Event "Titled Tuesday Blitz June 13 Early 2023"]
[White "Fabris, Alberto"]
[Black "Tinmaz, Kerem"]
[WhiteFideId "801348"]
[BlackFideId "44559151"]
[WhiteElo "2168"]
[BlackElo "2153"]
[Result "1-0"]
[Round "3"]
[TimeControl "180+2"]
[Date "2023.06.13"]
[WhiteClock "0:01:30"]
[BlackClock "0:00:12"]
[Board "217"]

1. e4 c5 2. Nf3 e6 3. d4 cxd4 4. Nxd4 a6 5. c4 Qc7 6. Be2 Nf6 7. Nc3 d6 8. O-O Nbd7 9. Be3 b6 10. Rc1 Bb7 11. f3 Be7 12. Kh1 Rc8 13. Qd2 O-O 14. b3 Qb8 15. Rfd1 Bd8 16. Qe1 Bc7 17. Qh4 Rfe8 18. Bf2 d5 19. cxd5 exd5 20. exd5 Nxd5 21. Nxd5 Bxd5 22. Bd3 Nf6 23. Nf5 Bf4 24. Rxc8 Rxc8 25. Ne7+ Kh8 26. Nxc8 g5 27. Qh6 Qe5 28. Bxh7 g4 29. Bd4 1-0


[Site "https://www.chess.com"]

[Event "Titled Tuesday Blitz June 13 Early 2023"]
[White "Lopez Idarraga, Daniel Eduardo"]
[Black "Kornyukov, Alexey"]
[WhiteFideId "4405501"]
[BlackFideId "4150457"]
[WhiteElo "1980"]
[BlackElo "2352"]
[Result "1-0"]
[Round "3"]
[TimeControl "180+2"]
[Date "2023.06.13"]
[WhiteClock "0:01:11"]
[BlackClock "0:00:00"]
[Board "218"]

1. d4 d5 2. Bf4 Nf6 3. e3 c5 4. c3 Nc6 5. Nd2 Qb6 6. Qb3 c4 7. Qc2 g6 8. Ngf3 Bf5 9. Qc1 Nh5 10. Bg5 h6 11. Bh4 g5 12. Bg3 Nxg3 13. hxg3 Bg7 14. Be2 O-O 15. Bd1 Bg6 16. Bc2 f5 17. b3 cxb3 18. axb3 e5 19. O-O e4 20. Nh2 f4 21. gxf4 gxf4 22. Qa3 Qd8 23. c4 Nxd4 24. exd4 Bxd4 25. Rad1 Qg5 26. Ndf3 exf3 27. Nxf3 Qg4 28. Nxd4 Bxc2 29. Nxc2 f3 30. Ne3 Qg7 31. Rxd5 Rae8 32. Qa1 Qg6 33. g3 Rxe3 34. Re5 Re2 35. Rxe2 fxe2 36. Re1 Qd3 37. Qe5 1-0


[Site "https://www.chess.com"]

[Event "Titled Tuesday Blitz June 13 Early 2023"]
[White "Rangel, Daniel"]
[Black "Kiseljova, Marya"]
[WhiteFideId "2124475"]
[BlackFideId "4155009"]
[WhiteElo "2231"]
[BlackElo "1831"]
[Result "1-0"]
[Round "3"]
[TimeControl "180+2"]
[Date "2023.06.13"]
[WhiteClock "0:01:40"]
[BlackClock "0:00:02"]
[Board "219"]

1. d4 Nf6 2. c4 e6 3. Nc3 Bb4 4. e3 O-O 5. Ne2 d5 6. a3 Be7 7. cxd5 exd5 8. Nf4 c6 9. Bd3 h6 10. Bd2 Nbd7 11. g4 Re8 12. h4 Bd6 13. Qf3 Qc7 14. O-O-O Bxf4 15. exf4 Nb6 16. Rdg1 Bxg4 17. Rxg4 Nxg4 18. Qxg4 Nc4 19. Rg1 f6 20. Qg6 Qf7 21. Qxh6 Nxd2 22. Kxd2 Re7 23. Qh7+ Kf8 24. h5 Qg8 25. Qf5 Rae8 26. h6 g5 27. fxg5 Qe6 28. Qxe6 Rxe6 29. g6 f5 30. Bxf5 Rf6 31. g7+ Kf7 32. h7 Rxf5 33. g8=Q+ Rxg8 34. hxg8=Q+ 1-0


[Site "https://www.chess.com"]

[Event "Titled Tuesday Blitz June 13 Early 2023"]
[White "Winkels, Marcel"]
[Black "Herzog2012"]
[WhiteFideId "1003887"]
[WhiteElo "1900"]
[BlackElo "2392"]
[Result "0-1"]
[Round "3"]
[TimeControl "180+2"]
[Date "2023.06.13"]
[WhiteClock "0:00:00"]
[BlackClock "0:00:15"]
[Board "220"]

1. e4 c5 2. Nf3 Nc6 3. Bc4 d6 4. O-O Nf6 5. Nc3 g6 6. d4 cxd4 7. Nxd4 Bg7 8. Bb3 O-O 9. h3 Bd7 10. Be3 Rc8 11. Qd3 Ne5 12. Qe2 Rxc3 13. bxc3 Nxe4 14. f4 Nc6 15. Nxc6 Bxc6 16. f5 Ng3 17. Qf2 Nxf1 18. Rxf1 d5 19. c4 d4 20. Bg5 h6 21. Bd2 Be4 22. fxg6 fxg6 23. Qe1 Rxf1+ 24. Qxf1 Kh7 25. c5 Bd5 26. Qe2 Bxb3 27. axb3 e5 28. Qe4 Qd7 29. h4 Qc6 30. Qf3 Qxf3 31. gxf3 Kg8 32. Kf1 Kf7 33. Ke2 Ke6 34. Kd3 Kd5 35. b4 h5 36. Bg5 Bf8 37. Bf6 b6 38. cxb6 axb6 39. c3 dxc3 40. Kxc3 b5 41. Bh8 Be7 42. Bg7 Bxh4 43. Bh6 Be1+ 44. Kb3 h4 45. Be3 h3 46. Bg1 Bg3 0-1


[Site "https://www.chess.com"]

[Event "Titled Tuesday Blitz June 13 Early 2023"]
[White "Hartikainen, Jarmo"]
[Black "Luukkonen, Tommi"]
[WhiteFideId "503134"]
[BlackFideId "501808"]
[WhiteElo "2128"]
[BlackElo "2296"]
[Result "0-1"]
[Round "3"]
[TimeControl "180+2"]
[Date "2023.06.13"]
[WhiteClock "0:00:00"]
[BlackClock "0:01:18"]
[Board "221"]

1. e4 c5 2. c3 Nf6 3. e5 Nd5 4. d4 cxd4 5. Nf3 Nc6 6. cxd4 d6 7. Nc3 Nxc3 8. bxc3 g6 9. Bf4 Bg7 10. exd6 exd6 11. Be2 O-O 12. O-O Re8 13. Re1 Bg4 14. Qa4 Qd7 15. Rab1 d5 16. Qb5 b6 17. Ne5 Nxe5 18. Bxe5 Be6 19. Qxd7 Bxd7 20. Bxg7 Kxg7 21. Bf3 Be6 22. Re5 Red8 23. Rb5 Rac8 24. Bxd5 Rxc3 25. h3 Bxd5 26. Rbxd5 Rxd5 27. Rxd5 Ra3 28. Rd8 Rxa2 29. d5 Kf6 30. Rh8 Rd2 31. Ra8 a5 32. Rb8 Rb2 33. d6 Ke6 34. Rb7 Kxd6 35. Rxf7 a4 36. Ra7 b5 0-1


[Site "https://www.chess.com"]

[Event "Titled Tuesday Blitz June 13 Early 2023"]
[White "Nikologorsky, Matfei"]
[Black "Baker, Chris W"]
[WhiteFideId "24102474"]
[BlackFideId "401676"]
[WhiteElo "2153"]
[BlackElo "2117"]
[Result "1-0"]
[Round "3"]
[TimeControl "180+2"]
[Date "2023.06.13"]
[WhiteClock "0:02:24"]
[BlackClock "0:01:59"]
[Board "222"]

1. e4 c6 2. d4 d5 3. Nc3 dxe4 4. Nxe4 Nf6 5. Nxf6+ exf6 6. c3 Bd6 7. Bd3 O-O 8. Ne2 Re8 9. O-O Nd7 10. Bf4 Nf8 11. Bxd6 Qxd6 12. Qd2 Ng6 13. Rae1 Be6 14. Bb1 Bc4 15. b3 Bxe2 16. Rxe2 Nf4 17. Re3 Qd5 18. Rxe8+ Rxe8 19. Qxf4 1-0


[Site "https://www.chess.com"]

[Event "Titled Tuesday Blitz June 13 Early 2023"]
[White "Lakshmi C"]
[Black "Torres Hernandez, Leslie Carolin"]
[WhiteFideId "25035347"]
[BlackFideId "8400504"]
[WhiteElo "1942"]
[BlackElo "1920"]
[Result "0-1"]
[Round "3"]
[TimeControl "180+2"]
[Date "2023.06.13"]
[WhiteClock "0:00:00"]
[BlackClock "0:00:15"]
[Board "223"]

1. e4 e6 2. Ne2 d5 3. exd5 exd5 4. d4 Bd6 5. g3 Ne7 6. Bg2 O-O 7. O-O c6 8. Bg5 h6 9. Bf4 Bf5 10. Nd2 Ng6 11. Bxd6 Qxd6 12. c4 dxc4 13. Nxc4 Qb4 14. Rc1 Nd7 15. a3 Qe7 16. Re1 Rfe8 17. Qb3 Nf6 18. Ne3 Be4 19. Bh3 Rad8 20. Nf5 Qc7 21. Nc3 Bd3 22. Rxe8+ Rxe8 23. Nd5 Nxd5 24. Qxd3 Ndf4 25. gxf4 Nxf4 26. Qf3 Ne2+ 27. Kh1 Nxc1 28. Qg4 g6 29. Nxh6+ Kh7 30. Qh4 Kg7 31. Ng4 Qf4 0-1


[Site "https://www.chess.com"]

[Event "Titled Tuesday Blitz June 13 Early 2023"]
[White "Philippe, Guillaume"]
[Black "San Thit Lwin"]
[WhiteFideId "36048763"]
[BlackFideId "13001272"]
[WhiteElo "2387"]
[BlackElo "2232"]
[Result "0-1"]
[Round "3"]
[TimeControl "180+2"]
[Date "2023.06.13"]
[WhiteClock "0:00:06"]
[BlackClock "0:00:16"]
[Board "224"]

1. e4 Nf6 2. e5 Nd5 3. d4 d6 4. c4 Nb6 5. exd6 cxd6 6. Nc3 g6 7. Be3 Bg7 8. Rc1 O-O 9. b3 e5 10. Nf3 Nc6 11. d5 Ne7 12. c5 dxc5 13. d6 Nf5 14. Bxc5 Nd7 15. Ba3 e4 16. Nd2 e3 17. Nde4 exf2+ 18. Kxf2 Ne5 19. Be2 Qb6+ 20. Bc5 Qa5 21. Rf1 b6 22. b4 Qa3 23. Nb5 Qxa2 24. Bd4 Bd7 25. Kg1 Bxb5 26. Bxb5 Nxd4 27. Nc3 Qa3 28. Nd5 Nxb5 29. Ne7+ Kh8 30. Qd5 Rad8 31. Qxb5 Qe3+ 32. Kh1 Rxd6 33. Rce1 Qd4 34. Qa6 Rdd8 35. Qxa7 Nd3 36. Rd1 Nf2+ 37. Kg1 Nxd1+ 38. Kh1 Nf2+ 39. Kg1 Nh3+ 40. Kh1 Qg1+ 41. Rxg1 Nf2# 0-1


[Site "https://www.chess.com"]

[Event "Titled Tuesday Blitz June 13 Early 2023"]
[White "Rodriguez, Santiago"]
[Black "Maluco_do_Natal_00"]
[WhiteFideId "3000591"]
[WhiteElo "2249"]
[BlackElo "2079"]
[Result "1-0"]
[Round "3"]
[TimeControl "180+2"]
[Date "2023.06.13"]
[WhiteClock "0:00:47"]
[BlackClock "0:00:02"]
[Board "225"]

1. d4 d5 2. Nc3 Nf6 3. Bf4 e6 4. e3 a6 5. Nf3 Nbd7 6. Bd3 c5 7. O-O Be7 8. Re1 O-O 9. a3 c4 10. Bf1 b5 11. e4 dxe4 12. Nxe4 Nxe4 13. Rxe4 Bb7 14. Re1 Nf6 15. Ne5 Qb6 16. c3 Rad8 17. Bg5 Qc7 18. h4 h6 19. Bf4 Bd6 20. Qc2 Nd5 21. Bg3 Rfe8 22. Qe2 f6 23. Nf3 Bxg3 24. fxg3 Qxg3 25. Qf2 Qg4 26. Kh2 Nf4 27. Qg3 Qxg3+ 28. Kxg3 g5 29. hxg5 hxg5 30. Re3 Bxf3 31. Kxf3 Kf7 32. g3 Nd5 33. Re4 Rh8 34. Rae1 Rde8 35. Bg2 f5 36. Re5 Kf6 37. Kf2 f4 38. Bxd5 Rh2+ 39. Bg2 fxg3+ 40. Kxg3 Rh4 41. d5 Reh8 42. Rxe6+ Kf7 43. Re7+ Kf6 44. R1e6+ Kf5 45. Be4+ Rxe4 46. Rf7# 1-0


[Site "https://www.chess.com"]

[Event "Titled Tuesday Blitz June 13 Early 2023"]
[White "Itkis, Boris"]
[Black "FREDERICKtheMATE"]
[WhiteFideId "1209167"]
[WhiteElo "2219"]
[BlackElo "2361"]
[Result "1-0"]
[Round "3"]
[TimeControl "180+2"]
[Date "2023.06.13"]
[WhiteClock "0:00:17"]
[BlackClock "0:00:01"]
[Board "226"]

1. c4 c5 2. Nf3 g6 3. Nc3 Bg7 4. e3 d6 5. d4 cxd4 6. exd4 e5 7. dxe5 dxe5 8. Qxd8+ Kxd8 9. Bg5+ f6 10. O-O-O+ Ke8 11. Be3 Ne7 12. Nb5 Na6 13. Bxa7 Nc6 14. Bb6 Ke7 15. Nc3 Be6 16. Nd5+ Kf7 17. a3 e4 18. Nd2 Rac8 19. Kb1 Ne5 20. Nxe4 Bf5 21. Nc3 Nxc4 22. Bxc4+ Rxc4 23. f3 Nc5 24. Bxc5 Rxc5 25. Rd7+ Bxd7 26. Nxc5 Bc6 27. Rd1 Bf8 28. N5e4 f5 29. Nd6+ Ke6 30. Nc4 Bg7 31. Re1+ Kf6 32. Ne5 Re8 33. f4 g5 34. g3 gxf4 35. gxf4 Bh6 36. Rf1 Bg2 37. Rf2 Bxf4 38. Nd7+ Ke7 39. Rxf4 Kxd7 40. Rxf5 Re7 41. Rg5 Bf1 42. Kc2 Kc6 43. b4 b5 44. Rc5+ Kb7 45. Rh5 Ka6 46. Rh6+ Kb7 47. Rh5 Ka6 48. Rf5 Bc4 49. Rf6+ Kb7 50. a4 bxa4 51. Nxa4 Re2+ 52. Kc3 Bb5 53. Nc5+ Kc8 54. Rh6 Re7 55. Kd4 Kc7 56. Ne4 Bc6 57. Nc3 Rd7+ 58. Kc5 Bf3 59. b5 Bg4 60. b6+ Kb7 61. Nb5 Bf3 62. Nd6+ Ka6 63. Rh3 Rxd6 64. Kxd6 Bb7 65. Rb3 1-0


[Site "https://www.chess.com"]

[Event "Titled Tuesday Blitz June 13 Early 2023"]
[White "Slayyy_200"]
[Black "Tarasova, Viktoriya"]
[BlackFideId "4175840"]
[WhiteElo "2055"]
[BlackElo "2182"]
[Result "0-1"]
[Round "3"]
[TimeControl "180+2"]
[Date "2023.06.13"]
[WhiteClock "0:00:01"]
[BlackClock "0:00:16"]
[Board "227"]

1. e4 e5 2. Nf3 Nc6 3. Bb5 Nf6 4. O-O Nxe4 5. Re1 Nd6 6. Bxc6 dxc6 7. Nxe5 Be7 8. d4 O-O 9. Bf4 Nf5 10. c3 Be6 11. Nd2 Nh4 12. Bg3 c5 13. Ne4 cxd4 14. cxd4 Bd5 15. Qg4 f5 16. Qh5 fxe4 17. Rac1 c6 18. a3 Nf5 19. Ng4 Nxg3 20. hxg3 Qd6 21. Ne3 Rad8 22. Qg4 Qd7 23. Qh5 Rf7 24. Ng4 Bd6 25. Qg5 Kh8 26. Ne3 Rdf8 27. Nxd5 cxd5 28. Qxd5 Rxf2 29. Qxe4 Bxg3 30. Qe7 Qxd4 31. Re3 Bh4 32. Qe6 Bg5 33. Rc8 Qxe3 34. Qxe3 Bxe3 35. Rc5 Bxc5 0-1


[Site "https://www.chess.com"]

[Event "Titled Tuesday Blitz June 13 Early 2023"]
[White "Lacasa Diaz, Jose Antonio"]
[Black "Alexanian, Nelli"]
[WhiteFideId "2203375"]
[BlackFideId "4170539"]
[WhiteElo "2338"]
[BlackElo "2026"]
[Result "1-0"]
[Round "3"]
[TimeControl "180+2"]
[Date "2023.06.13"]
[WhiteClock "0:00:12"]
[BlackClock "0:00:00"]
[Board "228"]

1. c4 e5 2. Nc3 Nf6 3. Nf3 Nc6 4. e3 e4 5. Ng5 Qe7 6. Qc2 b6 7. Ngxe4 Bb7 8. Nxf6+ Qxf6 9. Nd5 Qd6 10. b3 O-O-O 11. Bb2 f5 12. O-O-O Qe6 13. Bd3 Ne7 14. Nxe7+ Qxe7 15. Bxf5 Bxg2 16. Rhg1 Bf3 17. Rde1 h5 18. e4 Rh6 19. h3 g5 20. Rg3 g4 21. hxg4 hxg4 22. Bxg4 Bxg4 23. Rxg4 Rh2 24. f4 Bh6 25. Bc3 Rf8 26. f5 Qa3+ 27. Kb1 a5 28. Reg1 a4 29. R4g2 Rh3 30. Rg8 Kb7 31. Rxf8 Bxf8 32. bxa4 Bd6 33. e5 Bb4 34. Qe4+ Ka7 35. Rg8 c6 36. Bb2 Qxa4 37. Qc2 Qa5 38. e6 Rh1+ 39. Bc1 Ba3 40. exd7 Qb4+ 41. Ka1 Bb2+ 42. Qxb2 1-0


[Site "https://www.chess.com"]